[ AOE2 MATCH · #513911956 ]
UnrankedPersians vs Khitans
Player's team · LOSS
Rival team · WIN
[ REPLAY ANALYSIS · EXTRACTED FROM THE RECORDED GAME ]
Feudal
13:27
Castle
18:54
Imperial
—
| APM avg | 20.9 |
| APM peak | 57 |
| eAPM avg | 14.0 |
| Villagers / military | 76 / 98 |
Focus
⚔️ 42.3% · 🌾 57.7%
Skirmisher ×33 · Knight ×30 · Scorpion ×21 · Fishing Ship ×16 · Archer ×7 · Mangonel ×2
Feudal
13:52
Castle
18:33
Imperial
—
| APM avg | 35.4 |
| APM peak | 85 |
| eAPM avg | 16.7 |
| Villagers / military | 117 / 75 |
Focus
⚔️ 40.2% · 🌾 59.8%
Cavalry Archer ×60 · Unknown (1920) ×58 · Fishing Ship ×8 · Archer ×5 · Petard ×4 · Hulk ×2
Match map
Initial resources + every placement click. Lines = walls · curves = elevation contours. ◆ gold · ⬟ stone · ● berries · ✦ relic · ◌ wall gap
Your base· Open — unwalled flank
Gameatize's base· Open — unwalled flank
Smoothed initial terrain · ◌ = detected wall gap · hover for details
Inputs per minute
— javiadzu - - Gameatize
Build order — javiadzu
First 150 of 283 actions detected
| 0:12 | Build | House |
| 1:13 | Build | Town Center |
| 1:22 | Build | Dock |
| 3:12 | Queue | Villager (Male) |
| 3:12 | Queue | Villager (Male) |
| 3:12 | Queue | Villager (Male) |
| 3:12 | Queue | Villager (Male) |
| 3:12 | Queue | Villager (Male) |
| 3:35 | Queue | Fishing Ship |
| 4:03 | Queue | Villager (Male) |
| 4:20 | Build | House |
| 4:47 | Queue | Fishing Ship |
| 5:25 | Queue | Villager (Male) |
| 5:28 | Queue | Fishing Ship |
| 5:48 | Queue | Villager (Male) |
| 5:51 | Build | House |
| 6:16 | Queue | Villager (Male) |
| 6:48 | Queue | Villager (Male) |
| 6:51 | Queue | Fishing Ship |
| 7:04 | Queue | Villager (Male) |
| 7:10 | Queue | Villager (Male) |
| 7:27 | Queue | Fishing Ship |
| 7:37 | Queue | Villager (Male) |
| 7:37 | Queue | Villager (Male) |
| 7:40 | Build | House |
| 8:15 | Build | House |
| 8:23 | Queue | Villager (Male) |
| 8:23 | Queue | Villager (Male) |
| 8:24 | Queue | Villager (Male) |
| 8:36 | Queue | Fishing Ship |
| 9:26 | Queue | Fishing Ship |
| 9:39 | Queue | Villager (Male) |
| 9:39 | Queue | Villager (Male) |
| 9:40 | Queue | Villager (Male) |
| 9:44 | Build | Mill |
| 10:29 | Queue | Villager (Male) |
| 10:29 | Research | Loom |
| 10:37 | Queue | Fishing Ship |
| 10:56 | Build | House |
| 11:11 | Research | Feudal Age |
| 11:45 | Queue | Fishing Ship |
| 11:46 | Queue | Fishing Ship |
| 12:04 | Build | Dock |
| 12:30 | Queue | Fishing Ship |
| 12:36 | Build | House |
| 13:02 | Build | Lumber Camp |
| 13:15 | Queue | Villager (Male) |
| 13:15 | Queue | Villager (Male) |
| 13:25 | Queue | Fishing Ship |
| 13:27 | Age | Feudal Age |
| 14:03 | Build | Market |
| 14:08 | Queue | Villager (Male) |
| 14:21 | Build | House |
| 14:26 | Queue | Villager (Male) |
| 14:32 | Research | Double-Bit Axe |
| 14:50 | Queue | Villager (Male) |
| 15:01 | Build | Blacksmith |
| 15:15 | Queue | Villager (Male) |
| 15:31 | Queue | Demolition Raft |
| 15:41 | Queue | Villager (Male) |
| 15:48 | Queue | Fishing Ship |
| 15:53 | Queue | Fishing Ship |
| 15:59 | Queue | Villager (Male) |
| 16:28 | Research | Castle Age |
| 16:33 | Build | Barracks |
| 16:45 | Build | House |
| 16:55 | Research | Fishing Lines |
| 17:07 | Queue | Fishing Ship |
| 17:08 | Queue | Fishing Ship |
| 17:41 | Build | Stable |
| 18:01 | Queue | Villager (Male) |
| 18:02 | Queue | Villager (Male) |
| 18:24 | Build | Stable |
| 18:36 | Build | Farm |
| 18:36 | Build | Farm |
| 18:36 | Build | Farm |
| 18:36 | Build | Farm |
| 18:37 | Build | Farm |
| 18:37 | Build | Farm |
| 18:37 | Build | Farm |
| 18:37 | Build | Farm |
| 18:54 | Age | Castle Age |
| 19:17 | Build | Town Center |
| 19:32 | Queue | Villager (Male) |
| 19:33 | Queue | Villager (Male) |
| 20:12 | Build | Stable |
| 20:19 | Queue | Villager (Male) |
| 20:19 | Queue | Villager (Male) |
| 20:26 | Build | Stable |
| 20:31 | Research | Scale Barding Armor |
| 20:58 | Build | Outpost |
| 20:59 | Queue | Villager (Male) |
| 20:59 | Queue | Villager (Male) |
| 21:12 | Research | Gillnets |
| 21:23 | Research | Town Watch |
| 21:28 | Build | Farm |
| 21:28 | Build | Farm |
| 21:42 | Queue | Knight |
| 21:43 | Queue | Knight |
| 21:52 | Research | Town Patrol |
| 22:07 | Queue | Villager (Male) |
| 22:08 | Queue | Villager (Male) |
| 22:14 | Build | Farm |
| 22:23 | Queue | Villager (Male) |
| 22:24 | Queue | Villager (Male) |
| 22:28 | Build | House |
| 22:29 | Build | House |
| 22:39 | Research | Wheelbarrow |
| 22:58 | Queue | Villager (Male) |
| 22:59 | Queue | Villager (Male) |
| 23:35 | Build | Archery Range |
| 23:43 | Build | Siege Workshop |
| 23:45 | Research | Chain Barding Armor |
| 23:47 | Queue | Villager (Male) |
| 23:47 | Queue | Villager (Male) |
| 24:01 | Queue | Villager (Male) |
| 24:01 | Queue | Villager (Male) |
| 24:08 | Build | Archery Range |
| 24:13 | Build | Siege Workshop |
| 24:22 | Queue | Villager (Male) |
| 24:22 | Queue | Villager (Male) |
| 24:25 | Build | Farm |
| 24:26 | Build | Farm |
| 24:26 | Build | Farm |
| 24:26 | Build | Farm |
| 24:31 | Research | Fletching |
| 24:48 | Queue | Skirmisher |
| 24:49 | Queue | Skirmisher |
| 25:00 | Queue | Skirmisher |
| 25:02 | Build | House |
| 25:19 | Queue | Villager (Male) |
| 25:20 | Queue | Villager (Male) |
| 25:22 | Build | House |
| 25:24 | Build | House |
| 25:30 | Queue | Scorpion |
| 25:30 | Queue | Scorpion |
| 25:40 | Queue | Skirmisher |
| 25:40 | Queue | Skirmisher |
| 25:56 | Research | Bodkin Arrow |
| 26:00 | Queue | Villager (Male) |
| 26:00 | Queue | Villager (Male) |
| 26:05 | Queue | Scorpion |
| 26:06 | Queue | Villager (Male) |
| 26:06 | Queue | Villager (Male) |
| 26:08 | Build | House |
| 26:09 | Build | House |
| 26:13 | Build | House |
| 26:22 | Queue | Skirmisher |
| 26:23 | Queue | Skirmisher |
| 26:29 | Queue | Scorpion |
Build order — Gameatize
First 150 of 367 actions detected
| 0:41 | Build | Town Center |
| 1:14 | Build | Dock |
| 2:38 | Queue | Villager (Male) |
| 2:38 | Queue | Villager (Male) |
| 2:39 | Queue | Villager (Male) |
| 2:39 | Queue | Villager (Male) |
| 3:21 | Build | House |
| 3:27 | Research | Loom |
| 3:30 | Queue | Villager (Male) |
| 3:31 | Queue | Villager (Male) |
| 3:36 | Build | House |
| 4:16 | Queue | Villager (Male) |
| 4:35 | Queue | Fishing Ship |
| 4:50 | Queue | Villager (Male) |
| 5:29 | Queue | Fishing Ship |
| 5:35 | Queue | Villager (Male) |
| 6:06 | Queue | Villager (Male) |
| 6:48 | Queue | Villager (Male) |
| 6:51 | Queue | Fishing Ship |
| 6:52 | Queue | Fishing Ship |
| 7:04 | Build | House |
| 7:17 | Queue | Villager (Male) |
| 7:25 | Build | House |
| 7:35 | Build | House |
| 7:38 | Queue | Villager (Male) |
| 7:55 | Queue | Villager (Male) |
| 8:11 | Build | Mill |
| 8:22 | Queue | Villager (Male) |
| 8:45 | Queue | Villager (Male) |
| 9:12 | Queue | Villager (Male) |
| 9:13 | Queue | Villager (Male) |
| 9:28 | Queue | Villager (Male) |
| 9:30 | Queue | Fishing Ship |
| 10:14 | Build | House |
| 10:23 | Queue | Villager (Male) |
| 10:30 | Queue | Fishing Ship |
| 10:33 | Queue | Fishing Ship |
| 10:46 | Build | House |
| 10:54 | Build | House |
| 10:59 | Queue | Villager (Male) |
| 11:25 | Queue | Fishing Ship |
| 11:40 | Queue | Villager (Male) |
| 11:41 | Research | Feudal Age |
| 11:52 | Build | Mill |
| 13:09 | Build | Barracks |
| 13:19 | Build | House |
| 13:52 | Age | Feudal Age |
| 14:03 | Queue | Villager (Male) |
| 14:04 | Queue | Villager (Male) |
| 14:04 | Queue | Villager (Male) |
| 14:05 | Queue | Villager (Male) |
| 14:16 | Build | Blacksmith |
| 14:32 | Build | Archery Range |
| 15:09 | Queue | Villager (Male) |
| 15:32 | Build | Palisade Wall |
| 15:39 | Research | Forging |
| 15:46 | Research | Padded Archer Armor |
| 15:53 | Research | Castle Age |
| 16:11 | Queue | Hulk |
| 16:19 | Build | Mining Camp |
| 17:14 | Queue | Archer |
| 17:14 | Queue | Archer |
| 17:35 | Build | Archery Range |
| 18:16 | Queue | Hulk |
| 18:27 | Queue | Galley |
| 18:28 | Queue | Galley |
| 18:33 | Age | Castle Age |
| 18:35 | Build | House |
| 18:54 | Research | Crossbowman (upgrade) |
| 19:00 | Build | House |
| 19:23 | Build | Town Center |
| 19:44 | Queue | Villager (Male) |
| 19:44 | Queue | Villager (Male) |
| 19:44 | Queue | Villager (Male) |
| 19:45 | Queue | Villager (Male) |
| 19:46 | Queue | Villager (Male) |
| 19:47 | Queue | Villager (Male) |
| 19:47 | Queue | Villager (Male) |
| 20:02 | Queue | Archer |
| 20:03 | Queue | Archer |
| 20:03 | Queue | Archer |
| 20:08 | Research | Heavy Cavalry Archer (upgrade) |
| 20:36 | Build | Palisade Wall |
| 20:40 | Build | Palisade Wall |
| 20:42 | Queue | Villager (Male) |
| 21:01 | Research | Tech 1014 |
| 21:10 | Queue | Villager (Male) |
| 21:11 | Queue | Villager (Male) |
| 21:12 | Queue | Villager (Male) |
| 21:12 | Queue | Villager (Male) |
| 21:13 | Queue | Villager (Male) |
| 21:14 | Queue | Villager (Male) |
| 22:18 | Queue | Cavalry Archer |
| 22:18 | Queue | Cavalry Archer |
| 22:18 | Queue | Cavalry Archer |
| 22:21 | Queue | Cavalry Archer |
| 22:21 | Queue | Cavalry Archer |
| 22:21 | Queue | Cavalry Archer |
| 22:22 | Queue | Cavalry Archer |
| 22:22 | Queue | Cavalry Archer |
| 22:33 | Research | Man-at-Arms (upgrade) |
| 22:39 | Queue | Villager (Male) |
| 22:39 | Queue | Villager (Male) |
| 22:57 | Build | Archery Range |
| 23:34 | Research | Wheelbarrow |
| 23:36 | Queue | Cavalry Archer |
| 23:38 | Research | Fletching |
| 23:49 | Build | House |
| 23:52 | Research | Town Watch |
| 24:01 | Queue | Cavalry Archer |
| 24:01 | Queue | Cavalry Archer |
| 24:07 | Queue | Villager (Male) |
| 24:08 | Queue | Villager (Male) |
| 24:08 | Queue | Villager (Male) |
| 24:08 | Queue | Villager (Male) |
| 24:09 | Queue | Villager (Male) |
| 24:14 | Queue | Cavalry Archer |
| 24:45 | Queue | Cavalry Archer |
| 24:46 | Queue | Cavalry Archer |
| 24:48 | Build | House |
| 24:49 | Build | House |
| 24:50 | Build | House |
| 25:39 | Queue | Villager (Male) |
| 25:40 | Queue | Villager (Male) |
| 25:43 | Research | Hand Cart |
| 26:28 | Queue | Villager (Male) |
| 26:28 | Queue | Villager (Male) |
| 26:29 | Queue | Villager (Male) |
| 26:32 | Build | House |
| 26:32 | Build | House |
| 26:33 | Build | House |
| 26:57 | Queue | Villager (Male) |
| 26:58 | Build | Pasture |
| 26:58 | Build | Pasture |
| 26:59 | Build | Pasture |
| 26:59 | Build | Pasture |
| 26:59 | Build | Pasture |
| 27:07 | Queue | Cavalry Archer |
| 27:07 | Queue | Cavalry Archer |
| 27:07 | Queue | Cavalry Archer |
| 27:08 | Queue | Cavalry Archer |
| 27:08 | Queue | Cavalry Archer |
| 28:04 | Queue | Villager (Male) |
| 28:04 | Queue | Villager (Male) |
| 28:05 | Queue | Villager (Male) |
| 28:06 | Build | Pasture |
| 28:06 | Build | Pasture |
| 28:07 | Build | Pasture |
| 28:07 | Build | Pasture |
| 28:08 | Queue | Villager (Male) |
Match timeline
| 1:14 | Gameatize · first_building Dock |
| 1:22 | javiadzu · first_building Dock |
| 13:09 | Gameatize · first_building Barracks |
| 13:27 | javiadzu · age_up feudal |
| 13:52 | Gameatize · age_up feudal |
| 14:32 | Gameatize · first_building Archery Range |
| 15:32 | Gameatize · wall_segment Palisade Wall x4 |
| 16:10 | javiadzu · first_market_buy 100 food |
| 16:25 | javiadzu · first_market_sell 100 wood |
| 16:33 | javiadzu · first_building Barracks |
| 17:41 | javiadzu · first_building Stable |
| 18:33 | Gameatize · age_up castle |
| 18:54 | javiadzu · age_up castle |
| 20:36 | Gameatize · wall_segment Palisade Wall x4 |
| 20:40 | Gameatize · wall_segment Palisade Wall x1 |
| 23:35 | javiadzu · first_building Archery Range |
| 23:43 | javiadzu · first_building Siege Workshop |
| 34:36 | Gameatize · first_building Castle |
| 35:25 | Gameatize · wall_segment Stone Wall x6 |
| 37:25 | Gameatize · wall_segment Palisade Wall x4 |
| 39:43 | Gameatize · first_building Monastery |
| 41:39 | Gameatize · wall_segment Stone Wall x1 |
| 41:41 | Gameatize · wall_segment Stone Wall x1 |
| 41:43 | Gameatize · wall_segment Stone Wall x1 |
| 49:10 | javiadzu · resign |
[ AI ANALYSIS · 1 CREDIT ]
What really happened in this match?
Wolo.gg analyzes every decision: build order, eco, micro, common mistakes by bracket. Personalized analysis on WhatsApp or Discord in 30 seconds.
Civ guide
Persians
Perfil
javiadzu